 Dungeon Crawl Stone Soup version 0.26.1-11-gd32895ea62 (webtiles) character file.

Game seed: 8649934433641061563

3183 Zeld the Thaumaturge (level 9, -1/54 HPs)
             Began as an Octopode Brigand on May 15, 2021.
             Was a Believer of Fedhas.
             Slain by an iguana (14 damage)
             ... on level 7 of the Dungeon.
             The game lasted 00:12:37 (11056 turns).

Zeld the Thaumaturge (Octopode Brigand)            Turns: 11056, Time: 00:12:38

Health: -1/54      AC:  1    Str: 19    XL:     9   Next: 95%
Magic:  22/22      EV: 13    Int: 14    God:    Fedhas [**....]
Gold:   1781       SH:  0    Dex: 13    Spells: 26/26 levels left

rFire    . . .     SeeInvis .   y - +7 short sword (drain)
rCold    . . .     Faith    .   (no shield)
rNeg     . . .     Spirit   .   (helmet restricted)
rPois    .         Reflect  .   (no amulet)
rElec    .         Harm     .   i - +6 ring of strength
rCorr    .         Rampage  .   (no ring)
Will     .....                  (no ring)
Stlth    ++++......             (no ring)
HPRegen  0.18/turn              (no ring)
MPRegen  0.18/turn              (no ring)
                                (no ring)
                                (no ring)

@: no status effects
A: almost no armour, stealthy swim, amphibious, 8 rings, constrict 8, camouflage
1, gelatinous body 1
a: Renounce Religion, Wall of Briars


You were on level 7 of the Dungeon.
You worshipped Fedhas.
Fedhas was pleased with you.
You visited 2 branches of the dungeon, and saw 8 of its levels.
You also visited: Sewer.

You collected 1781 gold pieces.

Inventory:

Hand Weapons
 k - a +1 short sword of speed
 y - a +7 short sword of draining (weapon)
Missiles
 b - 20 poisoned darts (quivered)
 c - 2 curare-tipped darts
Jewellery
 d - a cursed -4 ring of evasion {unknown}
 i - a +6 ring of strength (left tentacle)
 j - an uncursed ring of poison resistance
Wands
 l - a wand of polymorph (6)
 r - a wand of digging (10)
Scrolls
 a - 2 scrolls of fear
 m - 2 scrolls of remove curse
 n - 2 scrolls of amnesia {unknown}
 t - a scroll of enchant armour {unknown}
 u - a scroll of teleportation {unknown}
 v - a scroll of magic mapping {unknown}
 x - a scroll of brand weapon {unknown}
Potions
 e - 2 potions of heal wounds {unknown}
 f - 6 potions of curing
 g - a potion of lignification {unknown}
 h - a potion of haste {unknown}
 o - a potion of invisibility {unknown}
 p - a potion of degeneration {unknown}
 q - a potion of mutation {unknown}
 s - 2 potions of attraction {unknown}
 w - a potion of magic {unknown}


   Skills:
 - Level 2.0 Fighting
 * Level 7.3 Short Blades
 - Level 6.0 Throwing
 - Level 1.0 Dodging
 - Level 5.3 Stealth
 + Level 9.3 Spellcasting


You had 26 spell levels left.
You didn't know any spells.
Your spell library contained the following spells:

 Spells                   Type           Power        Failure   Level
 Confusing Touch          Hex            6%           34%         3
 Gell's Gravitas          Tloc           3%           34%         3
 Petrify                  Tmut/Erth      6%           75%         4
 Metabolic Englaciation   Hex/Ice        3%           97%         5
 Yara's Violent Unravell  Hex/Tmut       3%           97%         5


Dungeon Overview and Level Annotations

Branches:
Dungeon (7/15)             Temple (1/1) D:4           Sewer (visited)

Altars:
Ashenzari
Cheibriados
Dithmenos
Elyvilon
Fedhas
Gozag
Hepliaklqana
Kikubaaqudgha
Makhleb
Nemelex Xobeh
Okawaru
Qazlal
Ru
Sif Muna
Trog
Uskayaw
Vehumet
Wu Jian
Xom
Yredelemnul
Zin
The Shining One


Innate Abilities, Weirdness & Mutations

You cannot wear most types of armour.
You are very stealthy in the water. (Stealth+)
You are amphibious.
You can wear up to eight rings at the same time.
You can use your tentacles to constrict eight enemies at once.
Your skin changes colour to match your surroundings (Stealth+).
Your rubbery body absorbs attacks. (AC +1, EV +1)


Message History

You are too injured to fight recklessly!
You are too injured to fight recklessly!
You are too injured to fight recklessly!
You barely miss the ice beast. You squeeze the ice beast!
The ice beast is severely wounded.
The ice beast hits you but does no damage.
You puncture the ice beast!
You kill the ice beast!
Fedhas accepts your kill.
An iguana is nearby!
An iguana is nearby!
The iguana bites you!
* * * LOW HITPOINT WARNING * * *
Found 27 arrows.
You hit the iguana. You grab the iguana.
The iguana is moderately wounded.
You constrict the iguana, but do no damage.
The iguana bites you!
You die...
Fedhas appreciates your contribution to the ecosystem.

##......##....##......# #.....
#......#.##..##.#.....# #.#...
#.....#.#.####.#.#....###.###.
#.....##.#....#.##.....##.# #.
#....#.##......##.#.......# ##
#...#.#..........#.#...#### #
#... #............##...# #
#..#................#.## #
#............@l.......# #
###..#####.##..#...## # #..
...##.......## #### ....
#..####.......## #... #. .(..
#........)###... .....
+......)))'..... #.....
#........:##.... #.#.#
##.......###.... ##.....##
#....


You could see an iguana.

Vanquished Creatures
  A cyclops (D:6)
  Eustachio (D:5)
  Duvessa (D:5)
  2 water moccasins
  4 orc warriors (D:6)
  3 ice beasts
  6 ogres
  A centaur (D:6)
  3 bullfrogs (D:6)
  Blork the orc (D:5)
  Dowan (D:5)
  4 orc priests
  3 hounds
  A bullfrog skeleton (D:6)
  2 orc wizards
  A centaur skeleton (D:6)
  An iguana (D:4)
  Natasha (thrice) (D:4)
  5 worker ants
  A hound skeleton (D:7)
  A howler monkey skeleton (D:6)
  10 adders
  2 river rats (D:4)
  A shadow imp (D:5)
  An ufetubus (D:6)
  An ooze (D:2)
  An adder zombie (D:6)
  4 worms
  A dart slug (D:1)
  5 leopard geckos
  20 orcs
  13 bats
  9 giant cockroaches
  A goblin (D:2)
  8 hobgoblins
  8 jackals
  2 quokkas (D:4)
  3 ball pythons
  4 frilled lizards
  11 kobolds
  7 rats
158 creatures vanquished.

Notes
Turn   | Place    | Note
-------+----------+-------------------------------------------
     0 | D:1      | Zeld the Octopode Brigand began the quest for the Orb.
     0 | D:1      | Reached XP level 1. HP: 14/14 MP: 1/1
   121 | D:1      | Reached XP level 2. HP: 18/19 MP: 2/2
   662 | D:1      | Reached skill level 1 in Spellcasting
  1020 | D:2      | Reached XP level 3. HP: 24/24 MP: 4/4
  1396 | D:2      | Reached XP level 4. HP: 29/29 MP: 6/6
  1506 | D:2      | Found an opulent altar of Gozag.
  1660 | D:2      | Found a faded altar of an unknown god.
  1914 | D:3      | Reached skill level 2 in Spellcasting
  2171 | D:3      | Noticed an ogre
  2194 | D:3      | Killed an ogre
  2195 | D:3      | Reached XP level 5. HP: 34/34 MP: 8/8
  2228 | D:3      | Noticed a water moccasin
  2237 | D:3      | Killed a water moccasin
  2238 | D:3      | Reached skill level 5 in Throwing
  2238 | D:3      | Reached XP level 6. HP: 34/39 MP: 8/10
  2341 | D:3      | Reached skill level 3 in Spellcasting
  2819 | D:4      | Found a staircase to the Ecumenical Temple.
  2859 | Temple   | Entered the Ecumenical Temple
  2936 | Temple   | Became a worshipper of Fedhas Madash
  3300 | D:4      | Reached skill level 4 in Spellcasting
  3300 | D:4      | Reached XP level 7. HP: 33/45 MP: 11/13
  3386 | D:4      | Found a glowing drain.
  3390 | Sewer    | Entered a sewer
  3979 | D:4      | Reached skill level 5 in Spellcasting
  4199 | D:4      | Noticed Natasha
  4206 | D:4      | Killed Natasha
  4210 | D:4      | Noticed Natasha
  4215 | D:4      | Killed Natasha
  4215 | D:4      | Reached * piety under Fedhas
  4315 | D:4      | Reached skill level 6 in Spellcasting
  4315 | D:4      | Reached XP level 8. HP: 50/50 MP: 15/17
  4659 | D:4      | Noticed Natasha
  4661 | D:4      | Found a staircase to the Ecumenical Temple.
  4668 | D:4      | Killed Natasha
  5447 | D:5      | Entered Level 5 of the Dungeon
  5447 | D:5      | Found an iron altar of Okawaru.
  7124 | D:5      | Noticed Blork the orc
  7136 | D:5      | Killed Blork the orc
  7137 | D:5      | Reached skill level 7 in Spellcasting
  7275 | D:5      | Noticed Eustachio
  7293 | D:5      | Killed Eustachio
  7402 | D:5      | Noticed Duvessa
  7415 | D:5      | Killed Duvessa
  7622 | D:5      | Noticed Dowan
  7632 | D:5      | Killed Dowan
  7633 | D:5      | Reached skill level 8 in Spellcasting
  8097 | D:6      | Found a burning altar of Makhleb.
  8106 | D:6      | Identified 2 scrolls of acquirement
  8108 | D:6      | Acquired 756 gold pieces
  8109 | D:6      | Acquired 599 gold pieces
  8436 | D:6      | Reached XP level 9. HP: 54/54 MP: 21/21
  9331 | D:6      | Reached ** piety under Fedhas
  9332 | D:6      | Reached skill level 5 in Short Blades
  9401 | D:6      | Noticed a cyclops
 10229 | D:6      | Killed a cyclops
 10230 | D:6      | Reached skill level 9 in Spellcasting
 11056 | D:7      | Slain by an iguana

Illustrated notes

Levels and vault maps discovered:
D:1:      dpeg_arrival_prison, layout_rooms
D:2:      layout_basic, chequers_ecumenical_altar_simple, grunt_gozag_statues
D:3:      layout_loops_ring, kennysheep_pointless_box
D:4:      layout_loops_corners, temple_fountains, gup_sewer_entry_spiral,
          uniq_natasha
D:5:      layout_loops_ring, okawaru_gym_becter, uniq_duvessa,
          uniq_blork_the_orc, uniq_eustachio
D:6:      cheibrodos_fzero, layout_gridville, amcnicky_altar_gilded
D:7:      layout_loops_corners, ebering_dispersal_statue_hall,
          grunt_ministairs_4, minmay_misc_feat_secret_circle
Temple:   minmay_crystal_snake_temple

Skill      XL: |  1  2  3  4  5  6  7  8  9 |
---------------+----------------------------+-----
Spellcasting   | 1 2 4 6 8 9 |  9.3
Throwing       | 3 4 5 6 |  6.0
Short Blades   | 3 7 |  7.3
Fighting       | |  2.0
Dodging        | |  1.0
Stealth        | |  5.3

Action                   |  1- 3 |  4- 6 |  7- 9 || total
-------------------------+-------+-------+-------++-------
Melee: Dagger            |    82 |    53 |    92 ||   227
       Constrict         |    19 |    12 |    42 ||    73
       Tentacles         |     8 |     9 |    47 ||    64
       Short sword       |       |       |   112 ||   112
Throw: Dart              |       |    26 |    42 ||    68
  Use: Scroll            |       |       |    10 ||    10
 Stab: Sleeping          |    12 |    15 |    22 ||    49
       Distracted        |     1 |       |     1 ||     2
Armor: Skin              |    13 |     1 |     6 ||    20
Dodge: Dodged            |    77 |    26 |    93 ||   196
